 Dungeon Crawl Stone Soup version 0.30-b1-2-g02819fbbbe (webtiles) character file.

Game seed: 2516094602808148123

1592906 vlam the Slayer (level 24, 245/245 HPs)
             Began as a Minotaur Berserker on Dec 30, 2023.
             Was an Elder of Trog.
             Escaped with the Orb
             ... and 3 runes on Jan 2, 2024!
             The game lasted 08:12:00 (71531 turns).

vlam the Slayer (Minotaur Berserker)               Turns: 71531, Time: 08:12:01

Health: 245/245    AC: 47    Str: 34    XL:     24   Next: 91%
Magic:  22/22      EV: 17    Int:  6    God:    Trog [****..]
Gold:   2307       SH: 31    Dex: 12    Spells: 23/23 levels left

rFire   + + +        l - +10 morningstar "Eos" {elec, Halo rElec}
rCold   + + .        O - +3 tower shield {AC+3}
rNeg    + . .        J - +6 gold dragon scales
rPois   +            (helmet restricted)
rElec   +            k - +3 cloak of the Barracuda {Str+2}
rCorr   .            b - +2 pair of gloves
SInv    .            K - +2 pair of slick slippers {slick, slippery, EV+4}
Will    +....        T - amulet of reflection Stlth
                     S - ring "Lipnaraf" {Wiz rF++ rC+ Int+2}
HPRegen 0.60/turn    M - ring of positive energy
MPRegen 0.18/turn

%: reflection, wizardry (x1)
@: glowing
A: horns 2, retaliatory headbutt, iridescent scales 1, deterioration 1
0: Orb of Zot
}: 3/15 runes: serpentine, barnacled, silver
a: Renounce Religion, Berserk, Trog's Hand, Brothers in Arms


You escaped.
You worshipped Trog.
Trog was greatly pleased with you.
You visited 8 branches of the dungeon, and saw 44 of its levels.
You visited 1 bazaar.
You also visited: Gauntlet, Ice Cave and Volcano.

You collected 6040 gold pieces.
You spent 3733 gold pieces at shops.

Inventory:

Hand Weapons
 l - the +10 morningstar "Eos" (weapon) {elec, Halo rElec}
   (You found it on level 5 of the Lair of Beasts)

   Halo:      It grants its wielder a halo, revealing invisible creatures and
   increasing accuracy against all within it other than the wielder.
   rElec:     It insulates you from electricity.
 R - the +8 war axe "Ysableni" {heavy, Will+ Dex+5 Stlth-}
   (Trog gifted it to you on level 2 of the Vaults)

   Dex:       It affects your dexterity (+5).
   Will:      It increases your willpower.
   Stlth:     It makes you less stealthy.
Missiles
 I - 20 javelins (quivered)
 Y - a silver javelin
Armour
 b - a +2 pair of gloves (worn)
 k - the +3 cloak of the Barracuda (worn) {Str+2}
   (You acquired it in a bazaar)

   Str:       It affects your strength (+2).
 v - a +0 hat of willpower
 J - +6 gold dragon scales (worn)
 K - the +2 pair of slick slippers (worn) {slick, slippery, EV+4}
   (You bought it in a shop on level 1 of the Snake Pit)

   Slick:     Its wearer cannot be constricted, engulfed, netted or webbed.
   Slippery:  Its wearer slips away from damaging melee attacks, pulling the
   attacker onward.
   EV:        It affects your evasion (+4).
 O - a +3 tower shield of protection (worn)
 V - a +1 hat
Jewellery
 c - the amulet of Gutofal {Spirit Dex+3}
   (You took it off a deep elf blademaster on level 3 of the Depths)

   [amulet of guardian spirit]

   It causes incoming damage to be divided between your reserves of health and
   magic.
   Dex:       It affects your dexterity (+3).
 h - a ring of willpower
 m - a +6 ring of intelligence
 n - a ring of magical power
 o - a ring of flight
 u - a +4 ring of protection
 M - a ring of positive energy (right hand)
 S - the ring "Lipnaraf" (left hand) {Wiz rF++ rC+ Int+2}
   (You bought it in a shop on level 2 of the Orcish Mines)

   [ring of wizardry]

   It improves your spell success rate.
   Int:       It affects your intelligence (+2).
   rF:        It greatly protects you from fire.
   rC:        It protects you from cold.
 T - an amulet of reflection (around neck)
Wands
 r - a wand of light (24)
 t - a wand of polymorph (15)
 w - a wand of flame (26)
 A - a wand of digging (25)
 B - a wand of iceblast (26)
 D - a wand of paralysis (15)
 W - a wand of mindburst (14)
Scrolls
 i - a scroll of butterflies
 y - 9 scrolls of enchant weapon
 z - 13 scrolls of teleportation
 C - 5 scrolls of fear
 F - 3 scrolls of poison
 G - a scroll of blinking
 N - 7 scrolls of magic mapping
 Q - 2 scrolls of fog
 U - 2 scrolls of brand weapon
Potions
 a - 9 potions of ambrosia
 e - 2 potions of heal wounds
 f - 14 potions of curing
 g - a potion of haste
 j - 7 potions of flight
 p - 3 potions of invisibility
 q - 7 potions of cancellation
 s - 13 potions of might
 x - a potion of berserk rage
 E - 3 potions of mutation
 L - 2 potions of resistance
 X - a potion of magic
Miscellaneous
 d - a lightning rod (4/4)
 H - a phantom mirror
 P - a box of beasts
 Z - a tin of tremorstones (2/2)


   Skills:
 - Level 26.0 Fighting
 - Level 20.0(23.3) Axes
 - Level 20.5(23.6) Maces & Flails
 + Level 8.6 Throwing
 - Level 24.4 Armour
 - Level 14.5 Dodging
 - Level 24.0 Shields
 - Level 10.0 Evocations


You had 23 spell levels left.
You didn't know any spells.
Your spell library was empty.

Dungeon Overview and Level Annotations

Branches:
Dungeon (15/15)            Temple (0/1) D:4            Lair (5/5) D:9
 Shoals (4/4) Lair:2        Snake (4/4) Lair:2        Slime (0/5) Lair:5
    Orc (2/2) D:11            Elf (0/3) Orc:2        Vaults (5/5) D:14
  Crypt (0/3) Vaults:3     Depths (4/4) D:15            Zot (5/5) Depths:4
  IceCv (visited)         Volcano (visited)         Gauntlet (visited)

Altars:
Ashenzari
Cheibriados
Dithmenos
Fedhas
Gozag
Hepliaklqana
Makhleb
Okawaru
Trog
Uskayaw
Vehumet
Wu Jian
Xom
Zin
The Shining One
Jiyva

Shops:
D:14 (   Orc:1 :   Orc:2 [!*=   Shoals:1 :   Shoals:2 (   Shoals:3 [*(*
Snake:1 ([[*   Snake:2 ?   Vaults:1 :   Vaults:4 (   Depths:1 :   Depths:2 ::=

Portals:
Hell: Depths:1 Depths:2 Depths:3 Depths:4
Abyss: Depths:3 Depths:4
Pandemonium: Depths:2
Ziggurat: Depths:4

Annotations:
D:9 2 transporters + interesting loot, hard enemies, Psyche
D:10 2 transporters, exclusions: ice statue and oklob plant, Discosetron's ghost, journeyman DEEE
D:15 exclusion: 2 orange crystal statues
Lair:3 exclusion: oklob plant
Snake:4 3 runed translucent doors, naiii's ghost, adept SpEn
Depths:2 6 runed translucent doors
Zot:3 1 transporter


Innate Abilities, Weirdness & Mutations

You have a pair of horns on your head.
You reflexively headbutt those who attack you in melee.
You are partially covered in iridescent scales. (AC +2)
Your body sometimes deteriorates upon taking damage.


Message History

The golden eye blinks at you.
You are more confused.
The golden eye blinks at you.
You are more confused.
You climb upwards.
There is a stone staircase leading down here.
Okay, then.
You feel better.
The golden eye blinks!
You feel yourself speed up. The golden eye blinks at you.
You resist with some effort. The golden eye blinks at you.
You easily resist.
There are monsters nearby!
The golden eye blinks at you. You resist with almost no effort.
The golden eye blinks!
The golden eye blinks at you. You resist with almost no effort.
The golden eye blinks at you. You resist with almost no effort.
The golden eye blinks at you. You resist with almost no effort.
The golden eye blinks!
You spit the golden eye like a pig!!!
You kill the golden eye!
Trog accepts your kill.
There is a stone staircase leading up here.
You climb upwards.
There is a stone staircase leading down here.
There is an escape hatch in the ceiling here.
A mysterious force pulls you upwards. The hatch slams shut behind you.
There is an open door here.
Your extra speed is starting to run out.
You feel yourself slow down.
There is an open door here.
There is an open door here.
There is an open door here.
There is a staircase leading out of the dungeon here.
You have escaped!

#...............###
#..........####...##
####.......# #'#..###
#.......# #.##...##
#...#.### #'####..##
#...#)# #.# ##..#
#...#.# ##'## ##.#
#####.#####...#####.#
#.'.'.'.@.'.'.'.#
#.#####...####### #.#
##'## #.# #.# #.# #'#
##### #.# #.# ....#
#.# #'# ....# #.# #.#
....#####.######.####


There were no monsters in sight!

Vanquished Creatures
  2 dread liches
  4 ancient liches
  7 orbs of fire
  Mennas (Vaults:5)
  A juggernaut (Depths:4)
  A shard shrike (Zot:1)
  Frederick (Vaults:5)
  Margery (Vaults:5)
  Bai Suzhen (Vaults:4)
  3 Killer Klowns
  11 golden dragons
  3 curse toes
  2 bone dragons
  3 doom hounds (Depths:3)
  An electric golem (Zot:1)
  Jorgrun (D:13)
  12 tentacled monstrosities
  4 liches
  23 Orb Guardians
  2 deep elf blademasters
  Grunn (Depths:3)
  8 quicksilver dragons
  10 death cobs
  5 titans
  An eldritch tentacle (Depths:1)
  Gastronok (D:9)
  Polyphemus (Shoals:4)
  6 sphinxes
  The ghost of sleeves the Convoker, an adept BaSu of Sif Muna (Snake:2)
  Kirke (Shoals:3)
  3 draconian monks
  4 shadow dragons
  10 tengu reavers
  A fenstrider witch (shapeshifter) (Vaults:5)
  10 storm dragons
  Ilsuiw (Shoals:2)
  2 draconian knights (Zot:4)
  Donald (Vaults:2)
  7 fire giants
  4 nagarajas (Snake:4)
  8 frost giants
  2 ghost moths
  Aizul (Snake:1)
  17 vault wardens
  An orc warlord (Vaults:4)
  6 draconian scorchers
  4 draconian shifters
  A draconian stormcaller (Zot:2)
  14 ironbound preservers
  17 very ugly things
  A reaper (Depths:3)
  4 draconian annihilators
  16 stone giants
  8 ironbound thunderhulks
  6 green draconians
  4 vampire knights
  10 white draconians
  5 dire elephants
  2 putrid mouths (Depths:3)
  6 black draconians
  6 purple draconians
  A deep elf annihilator (Vaults:5)
  2 minotaurs (Shoals:4)
  9 yellow draconians
  8 red draconians
  4 spark wasps (Depths:3)
  5 jiangshi
  A great orb of eyes (shapeshifter) (Vaults:5)
  22 ettins
  13 fire dragons
  An entropy weaver (Vaults:1)
  4 merfolk impalers
  A deep elf death mage (Vaults:5)
  2 merfolk javelineers
  Josephine (D:15)
  4 rakshasas
  10 great orbs of eyes
  15 yaktaur captains
  A salamander tyrant (Snake:4)
  Fannar (Lair:1)
  9 ice dragons
  2 ogre magi
  35 vault guards
  4 hydras
  2 spriggan air magi
  4 catoblepae
  2 alligator snapping turtles (Shoals:4)
  8 ironbound frosthearts
  9 anacondas
  3 boulder beetles
  A hell beast (Depths:1)
  A death knight (D:15)
  13 centaur warriors
  7 two-headed ogres
  An anaconda (shapeshifter) (Depths:2)
  2 deep troll shamans
  10 satyrs (Shoals:4)
  9 death yaks
  6 vampire magi
  4 merfolk aquamancers
  12 naga sharpshooters
  9 naga warriors
  6 orc high priests (Orc:2)
  6 deep troll earth magi
  A dancing weapon (Snake:2)
  7 tengu warriors
  12 shock serpents
  14 hell knights
  13 sun demons
  A fire crab (shapeshifter) (D:15)
  A sixfirhy (Depths:2)
  4 iron trolls
  7 salamander mystics
  2 goliath frogs (Lair:5)
  32 deep trolls
  5 skysharks
  5 skeletal warriors (D:15)
  A glowing orange brain (shapeshifter) (Vaults:5)
  A death drake (Depths:1)
  A shadow demon (Depths:2)
  7 glowing orange brains
  A flayed ghost (Depths:1)
  13 sea snakes
  5 naga ritualists
  10 harpies
  9 phantasmal warriors
  A deep elf zephyrmancer (D:15)
  14 wizards
  15 lindwurms
  6 necromancers
  4 deep elf pyromancers
  17 ironbound convokers
  5 orc knights
  2 human zombies
  8 mana vipers
  A tengu skeleton (Vaults:2)
  2 orc sorcerers
  A fire giant zombie (Vaults:4)
  A cyclops (shapeshifter) (Vaults:5)
  A wolf spider (Depths:1)
  12 fauns
  19 salamanders
  34 ugly things
  24 moths of wrath
  4 cyclopes
  17 manticores
  26 black mambas
  6 elephants
  A salamander (shapeshifter) (D:13)
  5 merfolk sirens
  A stone giant skeleton (Vaults:4)
  7 water nymphs
  3 eyes of devastation
  An eye of devastation (shapeshifter) (Vaults:5)
  24 naga magi
  4 smoke demons (Volcano)
  3 human skeletons
  7 guardian serpents
  19 cane toads
  16 vault sentinels
  A gargoyle (D:12)
  A hellion (Depths:1)
  A yaktaur (shapeshifter) (D:13)
  10 komodo dragons
  4 rime drakes
  A tengu conjurer (Depths:1)
  9 yaktaurs
  26 merfolk
  A kobold demonologist (D:8)
  2 red devils (Depths:2)
  An efreet (D:14)
  6 trolls
  A queen bee (D:11)
  A hellwing (Depths:2)
  A troll (shapeshifter) (Vaults:3)
  A polar bear (Lair:1)
  7 snapping turtles
  6 hornets
  39 blink frogs
  3 tyrant leeches (Lair:5)
  5 wind drakes (Shoals:4)
  2 dream sheep (Shoals:4)
  A slime creature (shapeshifter) (Vaults:5)
  An ettin zombie (Vaults:4)
  42 slime creatures
  21 water elementals
  3 jumping spiders (Depths:1)
  7 shadows
  5 wraiths
  12 spriggans (Lair:4)
  A hog (Depths:1)
  4 wyverns
  A fire elemental (Lair:2)
  42 yaks
  6 steam dragons
  A golden eye (D:3)
  A steam dragon (shapeshifter) (Vaults:5)
  4 basilisks
  8 redbacks
  19 vampire mosquitoes
  Menkaure (D:4)
  A harpy simulacrum (IceCv)
  40 nagas
  3 wargs
  2 spatial vortices (Depths:1)
  12 water moccasins
  An acid dragon (D:11)
  A floating eye (Lair:5)
  A glowing shapeshifter zombie (Vaults:2)
  2 hydra simulacra (Zot:1)
  Duvessa (D:4)
  13 orc warriors
  A meliai simulacrum (D:15)
  A black bear (D:8)
  5 ice beasts
  7 ogres
  8 boggarts
  7 wolves
  9 centaurs
  A kobold brigand (D:9)
  10 bullfrogs
  3 scorpions
  5 wights (D:9)
  Dowan (D:4)
  27 killer bees (D:11)
  3 troll zombies (D:11)
  An elephant simulacrum (IceCv)
  6 howler monkeys
  A vampire bat (Depths:1)
  6 electric eels (D:14)
  A human simulacrum (Vaults:2)
  2 jellies
  39 orc priests
  3 hounds
  A gnoll bouda (D:4)
  2 iguanas (D:6)
  Ijyb (D:4)
  21 orc wizards
  A hell rat (Lair:2)
  2 wolf simulacra (IceCv)
  5 ogre zombies (D:11)
  9 gnolls
  12 adders
  14 white imps
  3 ufetubi
  4 worms
  2 dart slugs
  89 orcs
  4 bats
  13 endoplasms
  5 giant cockroaches
  6 goblins
  9 hobgoblins
  6 jackals
  6 kobolds
  9 quokkas
  9 ball pythons
  3 frilled lizards
  3 goblin skeletons (D:11)
  A hobgoblin skeleton (D:11)
  2 hobgoblin zombies (D:11)
  4 orc skeletons (D:11)
  15 orc zombies (D:11)
  7 rats
1835 creatures vanquished.

Vanquished Creatures (collateral kills)
  Parghit (Depths:4)
  2 vault guards (Vaults:4)
3 creatures vanquished.

Vanquished Creatures (others)
  A centaur warrior (Vaults:2)
  A manticore (Shoals:4)
  A dream sheep (Shoals:4)
  2 humans (Shoals:3)
  37 fungi
  161 plants
203 creatures vanquished.

Grand Total: 2041 creatures vanquished

Notes
Turn   | Place    | Note
-------+----------+-------------------------------------------
     0 | D:1      | vlam the Minotaur Berserker began the quest for the Orb.
     0 | D:1      | Reached XP level 1. HP: 19/19 MP: 0/0
   220 | D:1      | Reached XP level 2. HP: 27/27 MP: 1/1
   808 | D:1      | Reached ** piety under Trog
  1011 | D:2      | Reached XP level 3. HP: 33/33 MP: 2/2
  1073 | D:2      | Reached skill level 5 in Axes
  1972 | D:3      | Reached XP level 4. HP: 32/40 MP: 3/3
  2065 | D:3      | Found a broken altar of Ashenzari.
  2752 | D:3      | Found a snail-covered altar of Cheibriados.
  2839 | D:4      | Noticed Menkaure
  3039 | D:4      | Reached XP level 5. HP: 40/46 MP: 4/4
  3336 | D:4      | Noticed an ogre
  3349 | D:4      | Killed Menkaure
  3350 | D:4      | Reached XP level 6. HP: 38/52 MP: 5/5
  3457 | D:4      | Found a staircase to the Ecumenical Temple.
  3520 | D:4      | Reached XP level 7. HP: 45/58 MP: 6/6
  3722 | D:4      | Found a blossoming altar of Fedhas.
  3841 | D:4      | Reached skill level 10 in Axes
  4187 | D:4      | Noticed Ijyb
  4219 | D:4      | Killed Ijyb
  4308 | D:4      | Reached *** piety under Trog
  4455 | D:4      | Noticed Dowan
  4457 | D:4      | Noticed Duvessa
  4467 | D:4      | Killed Dowan
  4469 | D:4      | Killed Duvessa
  4566 | D:4      | Found an iron altar of Okawaru.
  4566 | D:4      | Found a bloodstained altar of Trog.
  4719 | D:5      | Entered Level 5 of the Dungeon
  4954 | D:5      | Reached XP level 8. HP: 66/66 MP: 7/7
  5198 | D:5      | Found a burning altar of Makhleb.
  5734 | D:6      | Found a shadowy altar of Dithmenos.
  5819 | D:6      | Found a hazy altar of Hepliaklqana.
  6543 | D:6      | Reached **** piety under Trog
  6731 | D:7      | Reached XP level 9. HP: 71/71 MP: 8/8
  7336 | D:7      | Reached skill level 4 in Fighting
  7565 | D:8      | Reached ***** piety under Trog
  7566 | D:8      | Reached skill level 5 in Fighting
  7638 | D:8      | Reached skill level 6 in Fighting
  7808 | D:8      | Noticed a two-headed ogre
  7832 | D:8      | Killed a two-headed ogre
  7833 | D:8      | Reached skill level 8 in Fighting
  8006 | D:8      | Found an opulent altar of Gozag.
  8006 | D:8      | Found an ornate altar of the Wu Jian Council.
  8019 | D:8      | Reached skill level 9 in Fighting
  8030 | D:8      | Noticed a kobold demonologist
  8040 | D:8      | Noticed a sixfirhy
  8055 | D:8      | Killed a kobold demonologist
  8056 | D:8      | Reached XP level 10. HP: 81/91 MP: 9/9
  8188 | D:9      | Found a transporter.
  8188 | D:9      | Noticed Gastronok
  8197 | D:9      | Killed Gastronok
  8198 | D:9      | Reached skill level 11 in Fighting
  8268 | D:9      | Found a staircase to the Lair.
  8279 | D:9      | Noticed a boulder beetle
  8280 | D:9      | Found a transporter.
  8280 | D:9      | Noticed Psyche
  8281 | D:9      | Noticed a red ugly thing
  8283 | D:9      | Noticed a cyclops
  8910 | D:9      | Reached skill level 12 in Fighting
  9344 | D:10     | Entered Level 10 of the Dungeon
  9458 | D:10     | Noticed a catoblepas
  9480 | D:10     | Killed a catoblepas
  9481 | D:10     | Reached skill level 13 in Fighting
  9849 | D:10     | Reached skill level 14 in Fighting
  9901 | D:10     | Noticed an oklob plant
  9909 | D:10     | Noticed Discosetron's ghost (journeyman DEEE)
  9911 | D:10     | Noticed a rakshasa
  9920 | D:10     | Noticed an ogre mage
  9930 | D:10     | Found a transporter.
  9930 | D:10     | Noticed a cyclops
  9932 | D:10     | Found a transporter.
  9932 | D:10     | Noticed an ice statue
 10130 | D:10     | Noticed a two-headed ogre
 10144 | D:10     | Killed a two-headed ogre
 10145 | D:10     | Reached XP level 11. HP: 110/110 MP: 10/10
 10317 | D:11     | Reached skill level 5 in Armour
 10448 | D:11     | Noticed a two-headed ogre
 10467 | D:11     | Killed a two-headed ogre
 10934 | D:11     | Found a staircase to the Orcish Mines.
 11546 | D:11     | Received a gift from Trog
 11640 | D:11     | Reached skill level 10 in Armour
 11980 | D:12     | Reached skill level 15 in Axes
 12115 | D:12     | Noticed a deep elf pyromancer
 12127 | D:12     | Killed a deep elf pyromancer
 12184 | D:12     | Found a gate leading to a gauntlet.
 12188 | Gauntlet | Entered a Gauntlet
 12188 | Gauntlet | Found a transporter.
 12188 | Gauntlet | Found a transporter.
 12188 | Gauntlet | Found a transporter.
 12209 | Gauntlet | Found a transporter.
 12211 | Gauntlet | Found a transporter.
 12213 | Gauntlet | Found a transporter.
 12215 | Gauntlet | Noticed a soul eater
 12219 | Gauntlet | Found a transporter.
 12221 | Gauntlet | Found a transporter.
 12222 | Gauntlet | Found a transporter.
 12224 | Gauntlet | Noticed a wizard
 12225 | Gauntlet | Found a transporter.
 12229 | Gauntlet | Noticed a wizard
 12233 | Gauntlet | Found a transporter.
 12236 | Gauntlet | Found a transporter.
 12241 | Gauntlet | Found a runed translucent door.
 12645 | D:12     | Reached XP level 12. HP: 86/117 MP: 11/11
 13290 | Lair:1   | Entered Level 1 of the Lair of Beasts
 13538 | Lair:1   | Noticed Fannar
 14044 | Lair:1   | Killed Fannar
 15175 | Lair:2   | Found a staircase to the Snake Pit.
 15466 | Lair:2   | Found a staircase to the Shoals.
 15542 | Lair:2   | Received a gift from Trog
 15967 | Lair:3   | Reached XP level 13. HP: 121/124 MP: 12/12
 16033 | Lair:3   | Reached skill level 1 in Evocations
 16167 | Lair:3   | Found a dark tunnel.
 16172 | Volcano  | Entered a volcano
 16756 | Volcano  | Noticed a fire dragon
 16783 | Volcano  | Reached skill level 5 in Evocations
 16937 | Volcano  | Killed a fire dragon
 18708 | Lair:4   | Reached skill level 1 in Shields
 18848 | Lair:5   | Entered Level 5 of the Lair of Beasts
 19119 | Lair:4   | Reached skill level 5 in Shields
 20998 | Lair:5   | Reached XP level 14. HP: 56/133 MP: 13/13
 21027 | Lair:5   | Reached skill level 10 in Shields
 21126 | Lair:5   | Reached XP level 15. HP: 139/139 MP: 14/14
 21641 | Lair:5   | Found a staircase to the Slime Pits.
 21641 | Lair:5   | Found a viscous altar of Jiyva.
 22514 | Lair:5   | Reached skill level 15 in Shields
 23227 | Lair:5   | Found the +10 morningstar "Eos" {elec, Halo rElec}
 23414 | Lair:5   | Reached skill level 1 in Maces & Flails
 24055 | Snake:1  | Entered Level 1 of the Snake Pit
 24207 | Orc:1    | Entered Level 1 of the Orcish Mines
 24208 | Orc:1    | Found Xezugruara's Book Shoppe.
 24946 | Orc:2    | Entered Level 2 of the Orcish Mines
 24976 | Orc:2    | Found a staircase to the Elven Halls.
 25040 | Orc:2    | Found a frozen archway.
 25062 | IceCv    | Entered an ice cave
 25065 | IceCv    | Received a gift from Trog
 25100 | IceCv    | Found a transporter.
 25110 | IceCv    | Found a transporter.
 25191 | Orc:2    | Reached skill level 15 in Fighting
 25699 | Orc:2    | Found Isyptoimat's General Store.
 25699 | Orc:2    | Found Nueveggo's Jewellery Shoppe.
 25776 | Orc:2    | Bought the ring "Lipnaraf" {Wiz rF++ rC+ Int+2} for 1116
                  | gold pieces
 25920 | Orc:2    | Found Xiamadgh's Armour Shop.
 25920 | Orc:2    | Found Maregag's Distillery.
 26842 | Orc:2    | Bought a +2 pair of gloves for 181 gold pieces
 27115 | Snake:1  | Received a gift from Trog
 27136 | Snake:1  | Found Beunligi's Antique Weapon Shoppe.
 27150 | Snake:1  | Reached skill level 16 in Fighting
 27249 | Snake:1  | Found a radiant altar of Vehumet.
 27738 | Snake:1  | Reached skill level 5 in Maces & Flails
 27853 | Snake:1  | Found Meduug's General Store.
 28218 | Lair:2   | Reached XP level 16. HP: 151/151 MP: 15/15
 28559 | Snake:1  | Noticed Aizul
 28577 | Snake:1  | Killed Aizul
 28897 | Snake:1  | Found Heotumeu's Antique Armour Emporium.
 28900 | Snake:1  | Found Onnum's Antique Armour Shoppe.
 29156 | Snake:2  | Reached skill level 10 in Maces & Flails
 29303 | Snake:2  | Found Raph's Magic Scroll Shoppe.
 29331 | Snake:2  | Found a flickering gateway to a bazaar.
 29343 | Bazaar   | Entered a bazaar
 29365 | Bazaar   | Found Zoucer Turu's Weapon Shoppe.
 29370 | Bazaar   | Found Kiox's General Store.
 29380 | Bazaar   | Found Zain's Distillery.
 29414 | Bazaar   | Found Bixot's Assorted Antiques.
 29424 | Bazaar   | Identified 3 scrolls of acquirement
 29431 | Bazaar   | Acquired 540 gold pieces
 29433 | Bazaar   | Acquired the +3 cloak of the Barracuda {Str+2}
 29447 | Bazaar   | Acquired a manual of Armour
 29824 | Snake:2  | Found a runed translucent door.
 29825 | Snake:2  | Found a shimmering altar of Xom.
 29825 | Snake:2  | Noticed sleeves's ghost (adept BaSu)
 29882 | Snake:2  | Killed sleeves's ghost
 29893 | Snake:2  | Identified the +0 glaive "Ceipamn" {holy, Str-4 Int-4 Dex+8
                  | SInv}
 30105 | Snake:2  | Identified the +0 scale mail of the Chupacabra {Harm Int+3
                  | Dex+2}
 31367 | D:13     | Reached skill level 15 in Armour
 31850 | Snake:1  | Bought the +2 pair of slick slippers {slick, slippery,
                  | EV+4} for 1340 gold pieces
 31850 | Snake:1  | Found the +2 pair of slick slippers {slick, slippery, EV+4}
 32334 | D:13     | Noticed Jorgrun
 32344 | D:13     | Killed Jorgrun
 32839 | D:14     | Found Tiuryic's Antique Weapon Shoppe.
 33290 | D:14     | Found a gate to the Vaults.
 33521 | D:15     | Entered Level 15 of the Dungeon
 33701 | D:15     | Noticed Josephine
 33713 | D:15     | Killed Josephine
 34034 | D:15     | Found a staircase to the Depths.
 34093 | D:15     | Reached XP level 17. HP: 108/158 MP: 16/16
 34671 | D:15     | Found a glowing silver altar of Zin.
 34676 | D:15     | Received a gift from Trog
 35229 | Snake:3  | Reached ****** piety under Trog
 35759 | Snake:3  | Reached skill level 5 in Dodging
 36833 | Snake:4  | Entered Level 4 of the Snake Pit
 36871 | Snake:4  | Found a runed translucent gate.
 36871 | Snake:4  | Found a runed translucent gate.
 36871 | Snake:4  | Found a runed translucent gate.
 36873 | Snake:4  | Noticed naiii's ghost (adept SpEn)
 37431 | Snake:4  | Received a gift from Trog
 38059 | Snake:4  | Got a serpentine rune of Zot
 38859 | Shoals:1 | Entered Level 1 of the Shoals
 39021 | Shoals:1 | Found Mato Fuunlut's Self-Improvement Boutique.
 39607 | Shoals:1 | Reached XP level 18. HP: 165/166 MP: 17/17
 39699 | Shoals:1 | Received a gift from Trog
 40132 | Shoals:1 | Acquired the +0 crystal plate armour of Xasenwa {rPois}
 40160 | Shoals:1 | Reached skill level 10 in Dodging
 40614 | Shoals:2 | Noticed Ilsuiw
 40632 | Shoals:2 | Killed Ilsuiw
 40726 | Shoals:2 | Found Hizxer's Antique Weapon Shoppe.
 40971 | Shoals:2 | Reached skill level 10 in Evocations
 41088 | Shoals:3 | Identified the +6 hand axe "Ylaut" {speed, rF+ Int+3 Dex-5
                  | Stlth+}
 41120 | Shoals:3 | Noticed Kirke
 41134 | Shoals:3 | Killed Kirke
 41204 | Shoals:3 | Found Xyven's Visitors' Centre.
 41325 | Shoals:3 | Found Xyven's Merfolk Magic.
 41325 | Shoals:3 | Found Xyven's Merfolk Armours.
 41325 | Shoals:3 | Found Xyven's Merfolk Weapons.
 41925 | Shoals:4 | Entered Level 4 of the Shoals
 42127 | Shoals:4 | Received a gift from Trog
 42200 | Shoals:4 | Identified the -2 cloak of the Sky {Slay+6}
 42368 | Shoals:4 | Noticed Polyphemus
 42402 | Shoals:4 | Killed Polyphemus
 42601 | Shoals:4 | Reached skill level 17 in Fighting
 42920 | Shoals:4 | Identified the +8 spear of Cocytus {freeze, rElec Will+}
 42922 | Shoals:4 | Identified the +1 cloak "Miwky" {+Inv}
 43035 | Shoals:4 | Got a barnacled rune of Zot
 43333 | Vaults:1 | Entered Level 1 of the Vaults
 43395 | Vaults:1 | Received a gift from Trog
 43539 | Vaults:1 | Reached XP level 19. HP: 103/177 MP: 18/18
 43952 | Vaults:1 | Found a crumbling gateway.
 44434 | Vaults:1 | Received a gift from Trog
 44678 | Vaults:1 | Reached skill level 18 in Fighting
 44819 | Vaults:1 | Found Poirch's Book Shop.
 45565 | Vaults:2 | Noticed Donald
 45572 | Vaults:2 | Identified the +8 war axe "Ysableni" {heavy, Will+ Dex+5
                  | Stlth-} (Trog gifted it to you on level 2 of the Vaults)
 45572 | Vaults:2 | Received a gift from Trog
 45665 | Vaults:2 | Killed Donald
 46064 | Vaults:2 | Noticed a golden dragon
 46083 | Vaults:2 | Killed a golden dragon
 47293 | Vaults:3 | Reached skill level 19 in Fighting
 47399 | Vaults:3 | Received a gift from Trog
 47438 | Vaults:3 | Found a staircase to the Crypt.
 47615 | Vaults:3 | Reached XP level 20. HP: 191/191 MP: 19/19
 48845 | Vaults:4 | Found Ilit's Weapon Shoppe.
 49837 | Vaults:4 | Noticed Bai Suzhen
 49871 | Vaults:4 | Killed Bai Suzhen
 49924 | Vaults:4 | Found the +3 salamander hide armour {Flames, rFlCloud rF++
                  | rC--}
 50228 | Vaults:4 | Reached skill level 20 in Fighting
 50477 | Vaults:5 | Entered Level 5 of the Vaults
 50477 | Vaults:5 | Noticed a dread lich
 50583 | Vaults:4 | Reached skill level 1 in Throwing
 50833 | Vaults:4 | Killed a dread lich
 51126 | Vaults:5 | Noticed Mennas
 51479 | Vaults:5 | Noticed an ancient lich
 51683 | Vaults:5 | Killed an ancient lich
 52217 | Vaults:5 | Identified the +12 longbow of Truncation {drain, rF++ rN++
                  | Dex+4}
 52568 | Vaults:4 | Reached XP level 21. HP: 161/202 MP: 20/20
 52726 | Vaults:5 | Received a gift from Trog
 52847 | Vaults:5 | Reached skill level 5 in Throwing
 53155 | Vaults:5 | Identified the +10 short sword "Erphei" {elec, rElec rF+
                  | SInv}
 53227 | Vaults:5 | Noticed an ancient lich
 53242 | Vaults:5 | Killed an ancient lich
 53277 | Vaults:5 | Noticed a golden dragon
 53302 | Vaults:5 | Noticed a golden dragon
 53303 | Vaults:5 | Killed a golden dragon
 53323 | Vaults:5 | Killed a golden dragon
 53618 | Vaults:5 | Noticed Margery
 53628 | Vaults:5 | Killed Margery
 53897 | Vaults:5 | Noticed Frederick
 53907 | Vaults:5 | Killed Frederick
 53908 | Vaults:5 | Reached skill level 21 in Fighting
 53975 | Vaults:5 | Got a silver rune of Zot
 54498 | Vaults:5 | Received a gift from Trog
 54549 | Vaults:5 | Killed Mennas
 54702 | Vaults:5 | Noticed a golden dragon
 54713 | Vaults:5 | Killed a golden dragon
 55064 | Vaults:5 | Identified the +4 rapier of the Eight Seers {heavy, rElec
                  | Str+2 Dex-4}
 55526 | Snake:2  | Bought a scroll of blinking for 157 gold pieces
 55526 | Snake:2  | Bought a scroll of teleportation for 63 gold pieces
 55526 | Snake:2  | Bought a scroll of teleportation for 63 gold pieces
 55526 | Snake:2  | Bought a scroll of teleportation for 63 gold pieces
 55567 | Snake:1  | Bought a potion of haste for 150 gold pieces
 55775 | Depths:1 | Entered Level 1 of the Depths
 55927 | Depths:1 | Identified the +8 shortbow of the Unkillable {elec, MP+9}
 56288 | Depths:1 | Found a glowing golden altar of the Shining One.
 56421 | Depths:1 | Received a gift from Trog
 56422 | Depths:1 | Reached skill level 15 in Maces & Flails
 56439 | Depths:1 | Found Reyhix's Book Shoppe.
 56461 | Depths:1 | Found a hide-covered altar of Uskayaw.
 56628 | Depths:1 | Reached XP level 22. HP: 213/213 MP: 21/21
 56714 | Depths:1 | Found a gateway to Hell.
 57206 | Depths:2 | Found Tyzenem's Book Emporium.
 57232 | Depths:2 | Found Upuhoixi's Jewellery Boutique.
 57233 | Depths:2 | Found Ututseej's Book Emporium.
 57249 | Depths:2 | Bought an amulet of reflection for 600 gold pieces
 57800 | Depths:2 | Noticed a caustic shrike
 57944 | Depths:2 | Found a runed translucent gate.
 57944 | Depths:2 | Found a runed translucent gate.
 57944 | Depths:2 | Found a runed translucent gate.
 58098 | Depths:2 | Found a runed translucent gate.
 58098 | Depths:2 | Found a runed translucent gate.
 58098 | Depths:2 | Found a runed translucent gate.
 58205 | Depths:2 | Found a one-way gate leading to the halls of Pandemonium.
 58677 | Depths:3 | Received a gift from Trog
 58744 | Depths:3 | Noticed a golden dragon
 58752 | Depths:3 | Killed a golden dragon
 59524 | Depths:3 | Noticed Grunn
 59845 | Depths:3 | Identified the amulet of Gutofal {Spirit Dex+3}
 59936 | Depths:3 | Identified the +8 dagger of the Purse {spect, rF+ Int+3
                  | Dex-5}
 59937 | Depths:3 | Identified the staff of conjuration "Zadehukk" {rPois rC++
                  | Int-5 Stlth-}
 60053 | Depths:3 | Found a one-way gate to the infinite horrors of the Abyss.
 60228 | Depths:3 | Killed Grunn
 60386 | Depths:4 | Entered Level 4 of the Depths
 60398 | Depths:4 | Noticed a golden dragon
 60512 | Depths:4 | Found a gate to the Realm of Zot.
 60728 | Depths:4 | Reached XP level 23. HP: 203/220 MP: 22/22
 60839 | Depths:4 | Received a gift from Trog
 60940 | Depths:4 | Found a one-way gateway to a ziggurat.
 61330 | Depths:4 | Noticed a juggernaut
 61338 | Depths:4 | Killed a juggernaut
 61438 | Depths:4 | Noticed Parghit
 61469 | Depths:4 | Killed Parghit
 61843 | Zot:1    | Entered Level 1 of the Realm of Zot
 62694 | Zot:1    | Reached skill level 22 in Fighting
 62925 | Zot:1    | Noticed an orb of fire
 62937 | Zot:1    | Gained mutation: Armour fits poorly on your strangely
                  | shaped body. [an orb of fire]
 62940 | Zot:1    | Gained mutation: You are frail. (-10% HP) [an orb of fire]
 62949 | Zot:1    | Gained mutation: You are clumsy. (Dex -2) [an orb of fire]
 62953 | Zot:1    | Killed an orb of fire
 62981 | Zot:1    | Noticed a shard shrike
 63232 | Zot:1    | Killed a shard shrike
 64025 | Zot:2    | Noticed a curse toe
 64037 | Zot:2    | Killed a curse toe
 64614 | Zot:2    | Noticed a Killer Klown
 64639 | Zot:2    | Killed a Killer Klown
 65410 | Zot:3    | Reached skill level 23 in Fighting
 65586 | Zot:3    | Noticed a curse toe
 65703 | Zot:3    | Killed a curse toe
 65888 | Zot:3    | Found a transporter.
 66096 | Zot:3    | Identified the +7 shortbow "Eklyfil" {heavy, Str+6}
 66785 | Zot:4    | Reached XP level 24. HP: 184/211 MP: 22/22
 66989 | Zot:4    | Noticed an orb of fire
 66990 | Zot:4    | Gained mutation: Your magical capacity is low. (-10% MP)
                  | [an orb of fire]
 67265 | Zot:4    | Gained mutation: You occasionally lose the ability to drink
                  | potions when taking damage. [an orb of fire]
 67267 | Zot:3    | Gained mutation: Your body sometimes deteriorates upon
                  | taking damage. [an orb of fire]
 67276 | Zot:3    | Killed an orb of fire
 67311 | Zot:3    | Lost mutation: Armour fits poorly on your strangely shaped
                  | body. [potion of mutation]
 67311 | Zot:3    | Lost mutation: Your body sometimes deteriorates upon taking
                  | damage. [potion of mutation]
 67311 | Zot:3    | Lost mutation: Your magical capacity is low. (-10% MP)
                  | [potion of mutation]
 67311 | Zot:3    | Gained mutation: Your muscles are strong. (Str +4, Int/Dex
                  | -1) [potion of mutation]
 67311 | Zot:3    | Gained mutation: You are partially covered in iridescent
                  | scales. (AC +2) [potion of mutation]
 67894 | Zot:4    | Identified the +10 longbow of a wizard's laboratory {heavy,
                  | *Corrode rElec Str+8 Stlth-}
 68270 | Zot:4    | Reached skill level 24 in Fighting
 68710 | Zot:5    | Entered Level 5 of the Realm of Zot
 68846 | Zot:5    | Noticed a Killer Klown
 69082 | Zot:5    | Killed a Killer Klown
 69329 | Zot:5    | Received a gift from Trog
 69339 | Zot:5    | Noticed an ancient lich
 69343 | Zot:5    | Noticed a Killer Klown
 69346 | Zot:5    | Noticed an orb of fire
 69352 | Zot:5    | Noticed a dread lich
 69355 | Zot:5    | Noticed an ancient lich
 69561 | Zot:5    | Noticed an orb of fire
 69579 | Zot:5    | Killed an orb of fire
 69580 | Zot:5    | Reached skill level 25 in Fighting
 69586 | Zot:5    | Gained mutation: Your mind is acute. (Int +4, Str/Dex -1)
                  | [an orb of fire]
 69588 | Zot:5    | Gained mutation: Your spells are a little easier to cast,
                  | but a little less powerful. [an orb of fire]
 69758 | Zot:4    | Killed a dread lich
 69785 | Zot:4    | Gained mutation: You sometimes lose the ability to drink
                  | potions when taking damage. [an orb of fire]
 69799 | Zot:4    | Killed an orb of fire
 69871 | Zot:5    | Killed a Killer Klown
 70001 | Zot:5    | Killed an ancient lich
 70025 | Zot:5    | Noticed an orb of fire
 70053 | Zot:5    | Killed an orb of fire
 70130 | Zot:5    | Killed an ancient lich
 70161 | Zot:5    | Reached skill level 26 in Fighting
 70184 | Zot:5    | Noticed an orb of fire
 70238 | Zot:5    | Lost mutation: You sometimes lose the ability to drink
                  | potions when taking damage. [an orb of fire]
 70254 | Zot:5    | Noticed an orb of fire
 70254 | Zot:5    | Killed an orb of fire
 70258 | Zot:5    | Gained mutation: Your body sometimes deteriorates upon
                  | taking damage. [an orb of fire]
 70261 | Zot:5    | Gained mutation: You sometimes lose your temper in combat.
                  | [an orb of fire]
 70263 | Zot:5    | Gained mutation: Armour fits poorly on your strangely
                  | shaped body. [an orb of fire]
 70268 | Zot:5    | Gained mutation: You are very clumsy. (Dex -4) [an orb of
                  | fire]
 70278 | Zot:5    | Gained mutation: You sometimes lose the ability to drink
                  | potions when taking damage. [an orb of fire]
 70281 | Zot:5    | Gained mutation: You are very frail. (-20% HP) [an orb of
                  | fire]
 70422 | Zot:4    | Lost mutation: You are very frail. (-20% HP) [potion of
                  | mutation]
 70422 | Zot:4    | Lost mutation: Armour fits poorly on your strangely shaped
                  | body. [potion of mutation]
 70422 | Zot:4    | Lost mutation: You are very clumsy. (Dex -4) [potion of
                  | mutation]
 70422 | Zot:4    | Lost mutation: Your mind is acute. (Int +4, Str/Dex -1)
                  | [potion of mutation]
 70422 | Zot:4    | Gained mutation: You are partially covered in large bone
                  | plates. (SH +4) [potion of mutation]
 70423 | Zot:4    | Lost mutation: Your muscles are strong. (Str +4, Int/Dex
                  | -1) [potion of mutation]
 70423 | Zot:4    | Lost mutation: You are partially covered in large bone
                  | plates. (SH +4) [potion of mutation]
 70423 | Zot:4    | Lost mutation: Your body sometimes deteriorates upon taking
                  | damage. [potion of mutation]
 70423 | Zot:4    | Lost mutation: Your spells are a little easier to cast, but
                  | a little less powerful. [potion of mutation]
 70423 | Zot:4    | Gained mutation: Your system is resistant to poisons.
                  | (rPois) [potion of mutation]
 70424 | Zot:4    | Lost mutation: You sometimes lose your temper in combat.
                  | [potion of mutation]
 70424 | Zot:4    | Lost mutation: You sometimes lose the ability to drink
                  | potions when taking damage. [potion of mutation]
 70424 | Zot:4    | Gained mutation: You have sharp toenails. [potion of
                  | mutation]
 70424 | Zot:4    | Lost mutation: Your system is resistant to poisons. (rPois)
                  | [potion of mutation]
 70424 | Zot:4    | Gained mutation: Your spells are a little harder to cast,
                  | but a little more powerful. [potion of mutation]
 70430 | Zot:5    | Gained mutation: Armour fits poorly on your strangely
                  | shaped body. [an orb of fire]
 70442 | Zot:4    | Gained mutation: Your body sometimes deteriorates upon
                  | taking damage. [an orb of fire]
 70450 | Zot:4    | Killed an orb of fire
 70487 | Zot:4    | Lost mutation: You are partially covered in iridescent
                  | scales. (AC +2) [potion of mutation]
 70487 | Zot:4    | Lost mutation: Your spells are a little harder to cast, but
                  | a little more powerful. [potion of mutation]
 70487 | Zot:4    | Lost mutation: You are clumsy. (Dex -2) [potion of
                  | mutation]
 70488 | Zot:4    | Lost mutation: You have sharp toenails. [potion of
                  | mutation]
 70488 | Zot:4    | Lost mutation: Your body sometimes deteriorates upon taking
                  | damage. [potion of mutation]
 70488 | Zot:4    | Lost mutation: You occasionally lose the ability to drink
                  | potions when taking damage. [potion of mutation]
 70488 | Zot:4    | Gained mutation: You expend magic power (3 MP) to
                  | strengthen your wands. [potion of mutation]
 70488 | Zot:4    | Gained mutation: Your body sometimes deteriorates upon
                  | taking damage. [potion of mutation]
 70488 | Zot:4    | Gained mutation: You have a pair of large horns on your
                  | head. [potion of mutation]
 70489 | Zot:4    | Lost mutation: You have a pair of large horns on your head.
                  | [potion of mutation]
 70489 | Zot:4    | Lost mutation: You expend magic power (3 MP) to strengthen
                  | your wands. [potion of mutation]
 70489 | Zot:4    | Lost mutation: You are frail. (-10% HP) [potion of
                  | mutation]
 70489 | Zot:4    | Gained mutation: Your spells are a little harder to cast,
                  | but a little more powerful. [potion of mutation]
 70489 | Zot:4    | Gained mutation: You passively map a small area around you.
                  | [potion of mutation]
 70490 | Zot:4    | Lost mutation: Armour fits poorly on your strangely shaped
                  | body. [potion of mutation]
 70490 | Zot:4    | Lost mutation: You passively map a small area around you.
                  | [potion of mutation]
 70490 | Zot:4    | Lost mutation: Your spells are a little harder to cast, but
                  | a little more powerful. [potion of mutation]
 70490 | Zot:4    | Gained mutation: You are partially covered in iridescent
                  | scales. (AC +2) [potion of mutation]
 70902 | Zot:5    | Got the Orb of Zot
 70947 | Zot:5    | Noticed a dread lich
 71531 | D:$      | Escaped with the Orb!

Illustrated notes

Levels and vault maps discovered:
D:1:      minmay_arrival_doors, layout_basic, hangedman_decor_riveting,
          minmay_pentomino_v2
D:2:      layout_basic, minmay_vboxes
D:3:      layout_loops_corners, evilmike_ruin_ashenzari, slow_altar_2,
          minmay_bisected
D:4:      layout_cave_pools, grunt_temple_overflow_bloody_war, fedhas_altar_1,
          minmay_temple_entry_grid, gup_sewer_entry_spiral, minmay_pentangle,
          uniq_menkaure, uniq_ijyb, uniq_duvessa
D:5:      layout_basic, mainiacjoe_overflow_alcove_1
D:6:      minmay_clustersquares, layout_loops_ring,
          nicolae_hepliaklqana_hazy_memory, nicolae_dithmenos_the_darkroom
D:7:      layout_loops_cross, hangedman_decor_diamond_cutter
D:8:      layout_rooms, jmf_multi_god_temple
D:9:      gammafunk_sealed_arena, layout_basic, lair_entry_dummy, uniq_psyche,
          uniq_gastronok
D:10:     layout_roguey, nzn_ghost_randoct
D:11:     layout_gridville, zombieorc2_lemuel, minivault_7
D:12:     layout_basic, gauntlet_entry_generic, serial_park_tiny_pond
D:13:     layout_irregular_city, uniq_jorgrun
D:14:     layout_basic, david_vaults_5, kennysheep_nub, serial_shops,
          nicolae_shop_back_alley_shop, hangedman_decor_clover_reticule
D:15:     hangedman_depths_entry_civil_slaughter, layout_loops_ring,
          lemuel_round_altar, st_stairs_12, david_greed, uniq_josephine
Lair:1:   layout_long_grid, hangedman_lair_unloving_vines, beast_lair_carwin_1,
          serial_bayou_shore_a, uniq_fannar
Lair:2:   layout_cave_shapes, nicolae_shoals_entry_roost,
          guppyfry_snake_entry_garden, bh_autumn_forest_stairs,
          amcnicky_mini_pool_medium
Lair:3:   layout_regular_city, nicolae_volcano_entry_s_turn,
          minmay_lair_oklob_items
Lair:4:   kb_forest_paths, layout_gridlike, fungi_pond_lemuel
Lair:5:   minmay_lair_end_frog_pond, layout_regular_city,
          minmay_slime_entry_eyes, grunt_megastairs_3
Shoals:1: layout_shoals, nicolae_shoals_nautilus_by_nature,
          nicolae_shop_self_help
Shoals:2: layout_shoals, serial_shops, shop, uniq_ilsuiw
Shoals:3: nicolae_shoals_mermall, layout_shoals, uniq_kirke
Shoals:4: shoals_end_hellmonk_lost_city, uniq_polyphemus
Snake:1:  nicolae_snake_unarmed_stairs_patrol, layout_layer_cave, serial_shops,
          shop, basic_altar, grunt_megastairs_4, minmay_shop_star, uniq_aizul
Snake:2:  layout_chambers, serial_shops, bzr_firewalk, shop, ebering_ghost_xom,
          st_stairs_6, drop_trap
Snake:3:  layout_grid_maze, grunt_ministairs_13, grunt_megastairs_2
Snake:4:  johnstein_snake_rune_scales, layout_misc_corridors,
          gammafunk_ghost_split
Orc:1:    layout_diamond_mine, serial_shops, shop, nicolae_orc_pool_cavern
Orc:2:    st_orc_town, layout_caves, portal_ice_cave_entry_imps
Vaults:1: portal_desolation_entry_nicolae_slug, vaults_mumra_hex,
          nicolae_vaults_disjoint_gnomons, nicolae_vaults_variable_pillar_hall,
          ontoclasm_vaults_claustrophobia, vaults_room_grunt_arrival_ludios,
          v_misc_4, dpeg_vaults_monster_row, nicolae_vaults_closet_pinwheel_1,
          nicolae_vaults_house_2, nicolae_vaults_trapezoid_1,
          layout_vaults_maze_snakey, serial_shops, nicolae_shop_trees
Vaults:2: nicolae_vaults_tetromino_T_1, nicolae_vaults_network_periphery,
          nicolae_vaults_weapon_check, st_more_cells,
          nicolae_vaults_closet_pinwheel_4, hangedman_vaults_stream,
          hangedman_vaults_stretched_pinwheel, nicolae_vaults_double_plus_1,
          hangedman_vaults_restitches, nicolae_vaults_gold_heap,
          vaults_room_corners, nicolae_vaults_tetromino_Z_1,
          layout_vaults_quadrants, uniq_donald
Vaults:3: nicolae_vaults_c_with_doors, vaults_room_stairs_pillars,
          ontoclasm_vaults_ligature, nicolae_vaults_storage_closets_2,
          minmay_crypt_entry_simple_corners, vaults_dpeg_doors,
          nicolae_vaults_little_squares_2, v_alt_pattern_6,
          nicolae_vaults_two_Ls, nicolae_vaults_trapezoid_3, v_misc_27,
          v_misc_28, nicolae_vaults_tetromino_Z_1, vaults_room_stairs_pillars,
          vaults_dpeg_ring, nicolae_vaults_trapezoid_lopsided_2,
          nicolae_vaults_diamond_1, ontoclasm_vaults_gateway,
          layout_vaults_omnibox
Vaults:4: nicolae_vaults_tetromino_Z_2, vaults_room_fancy_cross,
          nicolae_vaults_security_offices_2, hangedman_vaults_capsules,
          nicolae_vaults_triangles, v_misc_24, ontoclasm_vaults_chip,
          layout_vaults_chaotic_city, serial_shops, nicolae_shop_scrapyard,
          uniq_bai_suzhen
Vaults:5: serial_shops, uniq_mennas, uniq_margery, uniq_frederick
Depths:1: layout_forbidden_donut, tso_metal_star, serial_hangedman_research,
          hangedman_research_metamorphosis, hangedman_research_quantum,
          hangedman_research_toxicology, hangedman_research_probablistics,
          serial_shops, kennysheep_little_box,
          nicolae_hell_entry_hellmouth_sunbeams, grunt_decor_arrowhead,
          nicolae_uskayaw_dance_hall
Depths:2: kennysheep_treasure_stockpile, layout_cave_pools, hell_entry,
          rand_demon_pan_entry_7, minmay_shop_grove
Depths:3: grunt_double_whammy, layout_long_grid, abyss_entry_crystal,
          pf_coc_iceberg, fountainhead, chequers_serial_rivers_small_3,
          st_stairs_3, infiniplex_staircase_pool_2, uniq_grunn
Depths:4: evilmike_zot_entry_basic, layout_cave_shapes, enter_ziggurat_a,
          abyss_entry_small_statue_room, minmay_misc_feat_ornament, hell_entry,
          grunt_megastairs_1, uniq_parghit
Zot:1:    layout_misc_corridors, grunt_ministairs_11,
          hangedman_elemental_grid_stream
Zot:2:    kennysheep_blocky_hall, layout_gridlike
Zot:3:    layout_cathedral_of_symmetry, nicolae_diode_basic
Zot:4:    layout_onion, zot_minivault_1
Zot:5:    layout_misc_corridors

Skill      XL: |  1  2  3  4  5  6  7  8  9 10 11 12 13 14 15 16 17 18 19 20 21 22 23 24 |
---------------+-------------------------------------------------------------------------+-----
Axes           | 4 5 6 8 9 11 14 16 20 | 20.0
Fighting       | 9 14 16 17 19 20 21 23 26 | 26.0
Armour         | 4 10 20 21 22 23 24 | 24.4
Evocations     | 5 9 10 | 10.0
Dodging        | 3 9 11 12 14 | 14.5
Shields        | 9 12 15 17 19 20 21 23 24 | 24.0
Maces & Flails | 7 10 15 20 | 20.5
Throwing       | 4 5 8 |  8.6

Action                     |  1- 3 |  4- 6 |  7- 9 | 10-12 | 13-15 | 16-18 | 19-21 | 22-24 || total
---------------------------+-------+-------+-------+-------+-------+-------+-------+-------++-------
  Melee: Hand axe          |   104 |    92 |   335 |   596 |   774 |       |       |       ||  1901
         Headbutt          |    13 |    16 |    55 |   154 |   243 |   415 |   552 |   595 ||  2043
         Punch             |     2 |     1 |     3 |    10 |     1 |       |       |       ||    17
         Battleaxe         |       |       |       |       |    16 |       |       |       ||    16
         Morningstar       |       |       |       |       |   191 |  1282 |  1534 |  1583 ||  4590
  Throw: Stone             |     2 |       |    24 |     7 |       |       |       |       ||    33
         Dart              |     3 |     5 |    16 |     8 |    11 |       |       |       ||    43
         Javelin           |       |       |       |     6 |     8 |     4 |     1 |    15 ||    34
 Invoke: Berserk           |       |     2 |     4 |     6 |     4 |     2 |     2 |     5 ||    25
         Trog's Hand       |       |     1 |     3 |     9 |    16 |    24 |    35 |    40 ||   128
         Brothers in Arms  |       |       |       |       |       |       |     2 |     1 ||     3
  Evoke: Wand              |       |       |     5 |     5 |    20 |    22 |     5 |     4 ||    61
         Phantom mirror    |       |       |       |     1 |       |     1 |     1 |     1 ||     4
         Lightning rod     |       |       |       |       |       |     7 |     2 |    10 ||    19
         Tin of tremorston |       |       |       |       |       |     2 |     1 |     2 ||     5
         Box of beasts     |       |       |       |       |       |       |       |     1 ||     1
    Use: Scroll            |     5 |       |    13 |     7 |    16 |    12 |     7 |    14 ||    74
         Potion            |       |       |       |     1 |    15 |     3 |     4 |    20 ||    43
   Stab: Distracted        |       |       |       |       |       |       |     1 |     1 ||     2
 Armour: Leather armour    |    21 |    13 |    45 |       |    15 |       |       |       ||    94
         Animal skin       |     1 |       |       |       |       |       |       |       ||     1
         Ring mail         |     5 |       |       |       |    66 |   179 |       |       ||   250
         Plate armour      |       |       |    21 |   226 |     4 |    26 |       |       ||   277
         Scale mail        |       |       |       |       |   123 |       |       |       ||   123
         Skin              |       |       |       |       |     2 |       |       |       ||     2
         Crystal plate arm |       |       |       |       |       |   191 |   506 |   291 ||   988
         Gold dragon scale |       |       |       |       |       |       |       |   303 ||   303
  Dodge: Dodged            |    57 |    45 |   120 |   167 |   327 |   558 |   483 |   454 ||  2211
  Block: Buckler           |       |       |       |       |   116 |       |       |       ||   116
         Kite shield       |       |       |       |       |   198 |   813 |   451 |       ||  1462
         Reflection        |       |       |       |       |    22 |   107 |    51 |    24 ||   204
         Tower shield      |       |       |       |       |       |       |   572 |  1719 ||  2291
